 Dungeon Crawl Stone Soup version 0.31-a0-112-gdf0485fa37 (webtiles) character file.

Game seed: 12423581354347556415

23769 porpoise the Severer (level 13, -2/114 (118) HPs)
             Began as a Hill Orc Fighter on May 29, 2023.
             Was a Priest of Qazlal.
             Slain by a death scarab (14 damage)
             ... in a Gauntlet.
             The game lasted 00:43:51 (12742 turns).

porpoise the Severer (Hill Orc Fighter)            Turns: 12742, Time: 00:43:51

HP:   -2/114 (118)  AC: 23    Str: 29    XL:     13   Next: 8%
MP:   33/33         EV: 11    Int: 11    God:    Qazlal [***...]
Gold: 922           SH:  9    Dex:  5    Spells: 12/12 levels left

rFire   + + .        a - +10 war axe "Fibby" {protect, rF++ rC+ Int-2}
rCold   + + .        t - +0 buckler
rNeg    + . .        l - +3 ring mail
rPois   +            k - +3 hat of Pondering {ponderous, Will+ MP+10 Int+5}
rElec   .            w - +2 cloak of Dim Light {Contam rN+ SInv}
rCorr   +            C - +1 pair of gloves
SInv    +            z - +4 pair of boots of Soft Contentment {rCorr Str+5 Dex-5}
Will    +....        i - amulet of magic regeneration Stlth
                     c - ring "Alurefo" {Fly rC+ Slay+2 SInv}
HPRegen 0.39/turn    R - ring of poison resistance
MPRegen 0.63/turn

%: no teleportation
@: mighty, flying, slowed, lightly drained, very slow
A: no striking features
a: Renounce Religion, Upheaval, Elemental Force


You were in a Gauntlet.
You worshipped Qazlal.
Qazlal was most pleased with you.
You visited 3 branches of the dungeon, and saw 14 of its levels.
You also visited: Gauntlet.

You collected 922 gold pieces.

Inventory:

Hand Weapons
 a - the +10 war axe "Fibby" (weapon) {protect, rF++ rC+ Int-2}
   (You found it on level 3 of the Dungeon)

   Int:       It affects your intelligence (-2).
   rF:        It greatly protects you from fire.
   rC:        It protects you from cold.
 b - a +1 sling
 n - a +2 scimitar of flaming
 D - a +0 battleaxe
Missiles
 o - 11 boomerangs (quivered)
 U - 2 curare-tipped darts
Armour
 g - a +1 helmet
 k - the +3 hat of Pondering (worn) {ponderous, Will+ MP+10 Int+5}
   (You took it off Gastronok on level 2 of the Lair of Beasts)

   Int:       It affects your intelligence (+5).
   MP:        It affects your magic capacity (+10).
   Will:      It increases your willpower.
 l - a +3 ring mail (worn)
 t - a +0 buckler (worn)
 w - the +2 cloak of Dim Light (worn) {Contam rN+ SInv}
   (You found it on level 2 of the Lair of Beasts)

   rN:        It protects you from negative energy.
   SInv:      It lets you see invisible.
   Contam:    It causes magical contamination when unequipped.
 y - a +0 pair of boots
 z - the +4 pair of boots of Soft Contentment (worn) {rCorr Str+5 Dex-5}
   (You found it in a Gauntlet)

   Str:       It affects your strength (+5).
   Dex:       It affects your dexterity (-5).
   rCorr:     It protects you from acid and corrosion.
 C - a +1 pair of gloves (worn)
Jewellery
 c - the ring "Alurefo" (left hand) {Fly rC+ Slay+2 SInv}
   (You found it on level 4 of the Dungeon)

   [ring of see invisible]

   Slay:      It affects your accuracy & damage with ranged weapons and melee
   (+2).
   rC:        It protects you from cold.
   SInv:      It lets you see invisible.
   Fly:       It grants you flight.
 i - an amulet of magic regeneration (around neck)
 R - a ring of poison resistance (right hand)
Wands
 q - a wand of polymorph (27)
 A - a wand of iceblast (14)
 F - a wand of mindburst (21)
 M - a wand of digging (9)
Scrolls
 h - 2 scrolls of vulnerability
 r - 8 scrolls of teleportation
 u - a scroll of enchant armour
 v - a scroll of fear {unknown}
 x - a scroll of poison
 B - 4 scrolls of magic mapping
 J - a scroll of silence
 K - a scroll of fog
 T - a scroll of blinking
 V - a scroll of brand weapon {unknown}
Potions
 d - a potion of might
 f - 4 potions of curing
 j - a potion of haste
 m - 4 potions of cancellation
 p - a potion of ambrosia
 s - 2 potions of enlightenment
 I - a potion of lignification


   Skills:
 - Level 12.0 Fighting
 - Level 16.0 Axes
 + Level 7.5 Armour
 - Level 5.0 Dodging
 + Level 5.6 Shields
 + Level 13.7 Invocations
 - Level 5.0 Evocations


You had 12 spell levels left.
You didn't know any spells.
Your spell library contained the following spells:

 Spells                   Type           Power      Damage    Failure   Level
 Summon Small Mammal      Summ           0%         N/A       50%         1
 Cigotuvi's Dreadful Rot  Necr/Pois/Air  0%         N/A       65%         2
 Call Canine Familiar     Summ           0%         N/A       86%         3
 Ignite Poison            Fire/Tmut/Pois 0%         N/A       86%         3
 Inner Flame              Hex/Fire       0%         N/A       86%         3
 Stone Arrow              Conj/Erth      0%         3d7       86%         3
 Summon Guardian Golem    Hex/Summ       0%         N/A       86%         3
 Animate Armour           Summ/Erth      0%         N/A       99%         4
 Flame Wave               Conj/Fire      0%         2d4       99%         4
 Sticky Flame             Conj/Fire      0%         2d3       99%         4
 Fireball                 Conj/Fire      0%         3d3       100%        5
 Freezing Cloud           Conj/Ice/Air   0%         6-21      100%        5
 Iskenderun's Battlesphe  Conj           0%         2d6       100%        5
 Conjure Ball Lightning   Conj/Air       0%         3x3d6     100%        6
 Orb of Destruction       Conj           0%         9d5       100%        7
 Lehudib's Crystal Spear  Conj/Erth      0%         10d2      100%        8


Dungeon Overview and Level Annotations

Branches:
Dungeon (10/15)            Temple (1/1) D:5            Lair (3/5) D:8
  Swamp (0/4) Lair:2        Snake (0/4) Lair:2          Orc (0/2) D:9
Gauntlet (1/1)

Altars:
Ashenzari
Cheibriados
Elyvilon
Gozag
Hepliaklqana
Okawaru
Qazlal
Ru
Sif Muna
Wu Jian
Yredelemnul
Zin
The Shining One

Shops:
D:8 *

Annotations:
D:5 2 transporters, pokeman's ghost, amateur DEHW Gauntlet 11 transporters, 19 runed translucent doors, exclusion: orange crystal statue


Message History

Press: ? - help, Dir - move target, f/p - death scarab
Aim: a death scarab (sparse dust) That beam is likely to hit you.
Continue anyway?
Okay, then.
Unknown command.
You feel much better.
The death scarab bites you but does no damage.
You block the death scarab's attack. The spectral death yak gores you.
The death scarab closely misses you. You block the death scarab's attack.
The spectral death yak gores you! You partially resist.
You feel drained.
You feel very mighty all of a sudden. The death scarab bites you!
The death scarab drains your vigour!
You feel as though you will be slow longer.
The death scarab draws strength from your injuries!
The death scarab is engulfed in freezing vapours.
You block the death scarab's attack. The death scarab bites you.
The death scarab drains your vigour!
You feel as though you will be slow longer.
The death scarab is engulfed in freezing vapours. x2
You block the death scarab's attack.
The death scarab is engulfed in freezing vapours.
The death scarab bites you but does no damage.
The spectral death yak closely misses you.
The death scarab is engulfed in freezing vapours.
The death scarab is engulfed in freezing vapours.
You block the death scarab's attack. The death scarab bites you!
* * * LOW HITPOINT WARNING * * *
The death scarab drains your vigour!
You feel as though you will be slow longer.
The death scarab draws strength from your injuries!
The death scarab is engulfed in freezing vapours.
The death scarab bites you!
* * * LOW HITPOINT WARNING * * *
The death scarab drains your vigour!
You feel as though you will be slow longer.
The death scarab draws strength from your injuries!
The death scarab bites you but does no damage.
You block the spectral death yak's attack.
The death scarab bites you!
You die...

##§.#g.#..."#..#..##≈##..#..#.###
#≈..#x.....x#..#.........#..#....
##..#########..#.........#..#####
≈...........#..###########..#....
#...#########..#..+..+...#..#####
≈.∩.#......|#..#..+..+...#..#..8#
#...#.##.##p#..#++#++##.!#..#...8
≈...##..#.h##..#.B+...+.=#..#8.8.
#.8©#h##©##h#©©#@○#...+Z©#©©##8^©
≈...##..#hh##..#BZZ...+..#..#8.8.
#...#.##.##h#..#++#''##.|#..#...8
≈.∩.#h.....[#..#..+..'...#..#Y.8#
#...#########..#..+..'...#..#####
≈...........#..###########..#....
##..#########..#.........#..#####
#≈..#.......#..#.........#..###..
##..#.#.###.#..#..##≈##..#..###..


You could see a spectral komodo dragon, a spectral death yak, a spectral torpor
snail, a necromancer, a worldbinder, 2 death scarabs and 5 wolves.

Vanquished Creatures
  Gastronok (Lair:2)
  Fannar (D:10)
  Erica (Lair:2)
  2 two-headed ogres
  A skyshark (Lair:2)
  A deep elf pyromancer (D:9)
  A manticore (D:9)
  An ice statue (D:9)
  6 cane toads
  3 rime drakes
  3 kobold demonologists
  A komodo dragon (D:8)
  5 ice devils (D:9)
  2 trolls
  3 hornets
  A raiju (Gauntlet)
  4 dream sheep (Lair:3)
  3 blink frogs (Lair:2)
  A wraith (D:9)
  A shadow (D:10)
  18 yaks
  2 wyverns
  4 basilisks (D:8)
  4 humans (D:6)
  7 steam dragons
  A naga (Lair:2)
  5 water moccasins
  2 acid dragons
  A sky beast (D:8)
  2 ice beasts
  A black bear (D:6)
  2 orc warriors
  3 ogres
  8 wolves (Lair:2)
  5 centaurs
  6 bullfrogs
  3 gnoll sergeants
  A kobold brigand (D:8)
  4 necrophages (D:4)
  A water moccasin zombie (D:4)
  10 wights
  4 scorpions
  9 killer bees
  A howler monkey (D:9)
  An electric eel (D:10)
  A bullfrog zombie (D:4)
  2 jellies
  A centaur zombie (D:4)
  2 gnoll boudas
  3 hounds
  A human zombie (D:4)
  4 orc priests
  2 sleepcaps (D:4)
  2 iguanas
  7 orc wizards
  6 hell rats (Lair:2)
  A hound zombie (D:4)
  18 gnolls
  12 adders
  A white imp (D:3)
  7 ufetubi (D:9)
  An adder zombie (D:4)
  3 worms
  3 dart slugs
  21 orcs
  8 ball pythons
  10 endoplasms
  3 giant cockroaches
  8 goblins
  5 hobgoblins
  2 jackals (D:1)
  2 quokkas (D:2)
  5 bats
  3 frilled lizards (D:1)
  8 kobolds
  2 rats (D:1)
301 creatures vanquished.

Vanquished Creatures (collateral kills)
  2 dream sheep (Lair:3)
2 creatures vanquished.

Grand Total: 303 creatures vanquished

Notes
Turn   | Place    | Note
-------+----------+-------------------------------------------
     0 | D:1      | porpoise the Hill Orc Fighter began the quest for the Orb.
     0 | D:1      | Reached XP level 1. HP: 19/19 MP: 1/1
    38 | D:1      | Reached skill level 3 in Axes
    82 | D:1      | Reached XP level 2. HP: 27/27 MP: 2/2
   420 | D:1      | Reached XP level 3. HP: 33/33 MP: 3/3
   623 | D:2      | Reached skill level 4 in Axes
   900 | D:2      | Reached XP level 4. HP: 40/40 MP: 4/4
  1598 | D:3      | Reached skill level 5 in Axes
  1601 | D:3      | Reached XP level 5. HP: 43/47 MP: 5/5
  1804 | D:3      | Identified the +10 war axe "Fibby" {protect, rF++ rC+
                  | Int-2}
  1994 | D:3      | Found a faded altar of an unknown god.
  2258 | D:4      | Identified the ring "Alurefo" {Fly rC+ Slay+2 SInv}
  2345 | D:4      | Reached skill level 5 in Fighting
  2345 | D:4      | Reached skill level 6 in Axes
  2345 | D:4      | Reached XP level 6. HP: 56/56 MP: 6/6
  2781 | D:4      | Reached skill level 7 in Axes
  2781 | D:4      | Reached skill level 5 in Shields
  2781 | D:4      | Reached XP level 7. HP: 61/61 MP: 7/7
  2868 | D:4      | Reached skill level 8 in Axes
  2974 | D:4      | Found a basalt altar of Yredelemnul.
  3158 | D:5      | Entered Level 5 of the Dungeon
  3177 | D:4      | Reached skill level 9 in Axes
  3177 | D:4      | Reached XP level 8. HP: 33/71 MP: 8/8
  3429 | D:5      | Reached skill level 10 in Axes
  3472 | D:5      | Noticed pokeman's ghost (amateur DEHW)
  3473 | D:5      | Found a transporter.
  3473 | D:5      | Found a transporter.
  3473 | D:5      | Identified the +8 dire flail of Pyob {flame, *Rage rElec
                  | rC+ Int+4}
  3515 | D:5      | Found a staircase to the Ecumenical Temple.
  3537 | Temple   | Entered the Ecumenical Temple
  3550 | Temple   | Became a worshipper of Qazlal Stormbringer
  3865 | D:6      | Noticed a hornet
  3883 | D:6      | Killed a hornet
  3888 | D:6      | Reached skill level 11 in Axes
  4038 | D:6      | Reached skill level 5 in Armour
  4038 | D:6      | Reached XP level 9. HP: 71/79 MP: 9/9
  4049 | D:6      | Reached skill level 12 in Axes
  4361 | D:6      | Reached skill level 13 in Axes
  4587 | D:6      | Identified the -2 pair of boots "Xumn" {Will+ rCorr}
  4675 | D:7      | Noticed a troll
  4686 | D:7      | Killed a troll
  4687 | D:7      | Reached skill level 14 in Axes
  4861 | D:7      | Reached XP level 10. HP: 76/86 MP: 10/10
  4871 | D:7      | Reached * piety under Qazlal
  4908 | D:7      | Noticed a two-headed ogre
  4918 | D:7      | Killed a two-headed ogre
  4919 | D:7      | Reached skill level 15 in Axes
  5907 | D:8      | Reached skill level 16 in Axes
  6013 | D:8      | Reached skill level 1 in Invocations
  6015 | D:8      | Reached skill level 1 in Dodging
  6177 | D:8      | Found a staircase to the Lair.
  6402 | D:8      | Found Ikegat's Changing Room.
  6504 | D:8      | Found a glowing golden altar of the Shining One.
  6910 | D:9      | Found an iron altar of Okawaru.
  6913 | D:9      | Found an opulent altar of Gozag.
  6916 | D:9      | Found a snail-covered altar of Cheibriados.
  6948 | D:9      | Reached skill level 5 in Invocations
  7104 | D:9      | Reached XP level 11. HP: 94/94 MP: 15/15
  7560 | D:9      | Reached ** piety under Qazlal
  7896 | D:9      | Found a staircase to the Orcish Mines.
  7914 | D:9      | Noticed a deep elf pyromancer
  7923 | D:9      | Killed a deep elf pyromancer
  7928 | D:9      | Noticed a manticore
  7934 | D:9      | Killed a manticore
  8586 | D:9      | Found an ornate altar of the Wu Jian Council.
  8587 | D:9      | Found a broken altar of Ashenzari.
  8793 | D:10     | Entered Level 10 of the Dungeon
  8833 | D:10     | Noticed a two-headed ogre
  8842 | D:10     | Killed a two-headed ogre
  8857 | D:10     | Reached *** piety under Qazlal
  8866 | D:10     | Reached skill level 10 in Invocations
  9044 | D:10     | Reached skill level 10 in Fighting
  9044 | D:10     | Reached XP level 12. HP: 105/106 MP: 19/19
  9376 | D:10     | Found a sacrificial altar of Ru.
  9560 | D:10     | Noticed Fannar
  9572 | D:10     | Killed Fannar
  9573 | D:10     | Reached skill level 5 in Dodging
  9880 | Lair:1   | Entered Level 1 of the Lair of Beasts
  9891 | Lair:1   | Reached skill level 1 in Evocations
 11431 | Lair:2   | Noticed Gastronok
 11453 | Lair:2   | Killed Gastronok
 11571 | Lair:2   | Found a staircase to the Snake Pit.
 11707 | Lair:2   | Identified the +2 cloak of Dim Light {Contam rN+ SInv}
 11932 | Lair:2   | Noticed Erica
 11939 | Lair:2   | Killed Erica
 11940 | Lair:2   | Reached skill level 5 in Evocations
 12024 | Lair:2   | Noticed a skyshark
 12032 | Lair:2   | Killed a skyshark
 12168 | Lair:2   | Found a staircase to the Swamp.
 12343 | Lair:3   | Reached XP level 13. HP: 100/118 MP: 23/23
 12401 | Lair:3   | Found a gate leading to a gauntlet.
 12418 | Gauntlet | Entered a Gauntlet
 12418 | Gauntlet | Found a transporter.
 12418 | Gauntlet | Found a transporter.
 12431 | Gauntlet | Found a transporter.
 12445 | Gauntlet | Found a large runed translucent door.
 12446 | Gauntlet | Found a large runed translucent door.
 12447 | Gauntlet | Found a large runed translucent door.
 12447 | Gauntlet | Found a large runed translucent door.
 12447 | Gauntlet | Found a large runed translucent door.
 12447 | Gauntlet | Found a large runed translucent door.
 12447 | Gauntlet | Found a large runed translucent door.
 12447 | Gauntlet | Found a large runed translucent door.
 12448 | Gauntlet | Found a runed translucent door.
 12448 | Gauntlet | Found a runed translucent gate.
 12449 | Gauntlet | Found a runed translucent gate.
 12449 | Gauntlet | Found a transporter.
 12449 | Gauntlet | Found a transporter.
 12449 | Gauntlet | Found a transporter.
 12452 | Gauntlet | Found a transporter.
 12452 | Gauntlet | Found a transporter.
 12453 | Gauntlet | Noticed a dire elephant
 12460 | Gauntlet | Found a runed translucent door.
 12462 | Gauntlet | Found a runed translucent door.
 12464 | Gauntlet | Found a transporter.
 12482 | Gauntlet | Found a transporter.
 12491 | Gauntlet | Found a transporter.
 12495 | Gauntlet | Found a runed translucent door.
 12509 | Gauntlet | Found a transporter.
 12519 | Gauntlet | Found a large runed translucent door.
 12520 | Gauntlet | Found a large runed translucent door.
 12521 | Gauntlet | Found a large runed translucent door.
 12521 | Gauntlet | Found a large runed translucent door.
 12521 | Gauntlet | Found a large runed translucent door.
 12521 | Gauntlet | Found a large runed translucent door.
 12522 | Gauntlet | Found a large runed translucent door.
 12522 | Gauntlet | Found a large runed translucent door.
 12522 | Gauntlet | Found a runed translucent gate.
 12522 | Gauntlet | Found a runed translucent door.
 12527 | Gauntlet | Found a transporter.
 12540 | Gauntlet | Found a transporter.
 12593 | Gauntlet | Identified the +4 pair of boots of Soft Contentment {rCorr
                  | Str+5 Dex-5}
 12742 | Gauntlet | Slain by a death scarab

Illustrated notes

Levels and vault maps discovered:
D:1:      dpeg_arrival_erosion, layout_basic
D:2:      layout_basic, minmay_tetromino_t2
D:3:      layout_basic, shapermc_ecumenical_altar_mp_ritualfount
D:4:      layout_loops_ring, lemuel_mausoleum_altar_yredelemnul
D:5:      layout_rooms, minmay_temple_entry_mist, gammafunk_ghost_smash,
          st_stairs_10
D:6:      layout_basic, minmay_ruffians
D:7:      layout_basic
D:8:      layout_loops_corners, mainiacjoe_overflow_alcove_4, erik_lair_dragon,
          nicolae_transmutations_shop
D:9:      cheibrodos_frozen_isle, layout_basic, nicolae_overflow_hidden_temple,
          orc_0_dummy, st_stairs_10, nzn_random_ring
D:10:     statuecave_lemuel, layout_grid_maze,
          nicolae_ru_great_annihilating_truth, st_stairs_7, uniq_fannar
Temple:   nicolae_temple_superstar
Lair:1:   layout_gridlike, grunt_megastairs_2
Lair:2:   layout_regular_city, swamp_mist_pool, guppyfry_snake_entry_island,
          uniq_erica, uniq_gastronok
Lair:3:   regret_index_combs_of_tragedy, layout_hall_layers,
          gauntlet_entry_generic, st_stairs_3, serial_bayou_shore_a
Gauntlet: gammafunk_gauntlet_mixed_choke_point
          [minmay_gauntlet_arena_77_block_sizes,
          minmay_gauntlet_arena_77_braids,
          minmay_gauntlet_arena_77_double_cross,
          minmay_gauntlet_arena_make_your_own_arena,
          minmay_gauntlet_arena_77_cramped,
          minmay_gauntlet_arena_77_terracotta_army,
          minmay_gauntlet_arena_77_path, nicolae_gauntlet_exit_dead_adventurers]

Skill      XL: |  1  2  3  4  5  6  7  8  9 10 11 12 |
---------------+-------------------------------------+-----
Axes           | 3 4 5 6 7 9 11 14 16 | 16.0
Fighting       | 4 5 6 7 8 10 12 | 12.0
Shields        | 4 5 |  5.6
Armour         | 5 7 |  7.5
Invocations    | 5 10 13 | 13.7
Dodging        | 2 4 5 |  5.0
Evocations     | 5 |  5.0

Action                     |  1- 3 |  4- 6 |  7- 9 | 10-12 | 13-15 || total
---------------------------+-------+-------+-------+-------+-------++-------
  Melee: War axe           |    88 |   104 |   165 |   420 |    13 ||   790
   Fire: Sling             |       |    32 |     2 |    34 |       ||    68
  Throw: Throwing net      |       |       |     2 |       |       ||     2
         Boomerang         |       |       |       |     1 |     1 ||     2
 Invoke: Elemental Force   |       |       |       |     1 |     1 ||     2
    Use: Scroll            |       |     5 |     2 |    13 |       ||    20
         Potion            |       |       |       |       |     2 ||     2
   Stab: Distracted        |       |       |       |     1 |       ||     1
 Armour: Scale mail        |    51 |    11 |       |       |       ||    62
         Ring mail         |       |    54 |    57 |   140 |    11 ||   262
  Dodge: Dodged            |    32 |    63 |    75 |   154 |     7 ||   331
  Block: Buckler           |    21 |    20 |    29 |   119 |    21 ||   210

Table legend: (Time is in decaauts)
 A = Elapsed time spent in this place.
 B = Non-inter-level travel time spent in this place.
 C = Inter-level travel time spent in this place.
 D = Time resting spent in this place.
 E = Time spent auto-exploring this place.
 F = Levels seen in this place.
 G = Mean time per level.
                   A        B        C        D        E       F      G
               +--------+--------+--------+--------+--------+-----+--------+
         Total |  12805 |  11989 |    816 |   2747 |   6828 |  15 |  853.7 |
       Dungeon |  10051 |   9380 |    671 |   2325 |   5289 |  10 | 1005.1 |
        Temple |     24 |     13 |     11 |      0 |      3 |   1 |   24.0 |
          Lair |   2386 |   2253 |    133 |    322 |   1401 |   3 |  795.3 |
      Gauntlet |    343 |    343 |      0 |    100 |    134 |   1 |  343.0 |
               +--------+--------+--------+--------+--------+-----+--------+

Top non-repeatable levels by time:
     D:9: 2048 daAuts
     D:8: 1489 daAuts
  Lair:1: 1273 daAuts
     D:4: 1127 daAuts
  Lair:2: 1031 daAuts
    D:10: 952 daAuts
     D:2: 945 daAuts
     D:7: 878 daAuts
     D:6: 782 daAuts
     D:3: 752 daAuts
     D:1: 544 daAuts
     D:5: 530 daAuts
Gauntlet: 343 daAuts
  Lair:3: 81 daAuts
  Temple: 24 daAuts
